Map: Beckett Industries LE

Players

Player 2

  • Race: Zerg Zerg

QuietMind - Winner!

  • Race: Terran Terran

VOD

Have the link to the VOD?

Description

Time

  • Played on: Aug. 9, 2021, 11:18 p.m.
  • Length: 11:40
Show
View Real Time Build Order
Export as new Build Order

Player 2 Zerg 

Build Orders: Hatch First 

Get SALT Encoding   

  12  0:00  Drone  
  13  0:12  Overlord  
  13  0:16  Drone  
  14  0:30  Drone  
  14  0:33  Drone  
  16  0:36  Drone  
  17  0:53  Hatchery  
  17  0:57  Drone  
  17  1:13  Spawning Pool  
  17  1:14  Drone  
  17  1:17  Drone  
  18  1:22  Extractor  
  18  1:23  Drone  
  18  1:30  Overlord  
  18  2:01  Queen, Zergling x2  
  19  2:02  Roach Warren, Drone  
  19  2:03  Zergling x2, Extractor  
  19  2:06  Drone  
  22  2:40  Overlord  
  22  2:41  Roach  
  22  2:42  Roach  
  26  2:51  Drone  
  26  2:52  Extractor  
  26  2:55  Drone  
  26  2:56  Roach, Lair  
  29  3:11  Roach, Drone  
  32  3:14  Drone  
  32  3:18  Drone  
  34  3:21  Drone  
  34  3:24  Drone  
  36  3:38  Overlord  
  36  3:43  Drone  
  36  3:48  Roach  
  39  3:56  Hydralisk Den  
  39  3:57  Drone  
  39  4:01  Drone  
  40  4:04  Drone  
  40  4:07  Drone  
  42  4:12  Overlord  
  42  4:17  Drone  
  42  4:20  Drone  
  42  4:23  Drone  
  45  4:26  Hydralisk, Drone  
  45  4:29  Drone  
  49  4:32  Drone  
  49  4:35  Drone  
  49  4:38  Drone  
  52  4:42  Hydralisk  
  52  4:43  Overlord  
  52  4:45  Drone  
  54  4:47  Drone  
  54  4:50  Drone  
  56  4:53  Drone  
  57  5:00  Drone  
  57  5:04  Drone  
  59  5:11  Drone  
  60  5:15  Roach, Drone, Overlord  
  60  5:17  Drone  
  64  5:29  Roach, Overseer  
  64  5:31  Overseer  
  64  5:33  Drone, Overlord  
  67  5:36  Drone  
  68  5:42  Baneling Nest  
  68  5:44  Drone  
  68  5:45  Evolution Chamber  
  68  5:47  Roach, Drone  
  70  5:50  Drone  
  70  5:52  Spore Crawler  
  70  5:53  Drone  
  70  5:56  Overlord  
  71  5:58  Drone  
  71  6:03  Spore Crawler  
  71  6:04  Spore Crawler  
  71  6:07  Spore Crawler, Drone  
  71  6:08  Hydralisk  
  72  6:12  Queen  
  72  6:16  Queen  
  76  6:18  Drone  
  76  6:19  Overlord  
  76  6:23  Roach  
  76  6:24  Infestation Pit, Drone  
  79  6:30  Spine Crawler  
  79  6:32  Drone, Spine Crawler  
  78  6:35  Drone  
  78  6:37  Roach  
  78  6:38  Spine Crawler  
  80  6:41  Drone  
  80  6:44  Spine Crawler  
  80  6:45  Drone  
  81  6:51  Hydralisk  
  81  6:52  Spire  
  81  6:54  Evolution Chamber, Drone  
  83  6:57  Drone  
  83  7:35  Overseer  
  83  7:36  Overlord  
  83  7:42  Extractor, Drone  
  83  8:04  Drone  
  84  8:43  Overseer, Hive, Pneumatized Carapace  
  84  8:44  Zerg Ground Armor Level 1, Zerg Melee Weapons Level 1, Overlord x2  
  84  8:59  Hatchery  
  82  9:03  Zergling x2  
  61  9:14  Hydralisk, Overseer  
  57  9:27  Hydralisk  
  59  9:39  Hydralisk  
  61  9:51  Hydralisk  
  60  9:57  Queen, Ultralisk Cavern  
  56  10:01  Roach  
  56  10:05  Drone  
  53  10:07  Mutalisk  
  53  10:08  Drone  
  53  10:11  Drone  
  44  10:14  Drone  
  44  10:15  Roach  
  44  10:17  Drone  
  44  10:20  Drone  
  42  10:22  Mutalisk  
  42  10:24  Drone  
  43  10:29  Roach  
  43  10:30  Drone  
  43  10:33  Queen  
  47  10:35  Drone  
  47  10:36  Mutalisk  
  46  10:46  Roach  
  37  10:54  Overseer  
  28  11:01  Drone  
  28  11:04  Overseer  
  13  11:11  Overseer  
Show
View Real Time Build Order
Export as new Build Order

QuietMind Terran - Winner!

Build Orders: Mech 

Get SALT Encoding   

  12  0:00  SCV  
  13  0:12  SCV  
  14  0:17  Supply Depot  
  14  0:24  SCV  
  15  0:39  SCV  
  15  0:41  Barracks  
  16  0:45  Refinery  
  16  0:51  SCV  
  17  1:03  SCV  
  18  1:15  SCV  
  19  1:28  Orbital Command  
  19  1:30  Bunker  
  19  1:31  Marine  
  20  1:47  Supply Depot  
  20  1:52  Command Center  
  20  1:55  SCV  
  21  2:07  Factory  
  21  2:08  SCV  
  22  2:11  Barracks Tech Lab  
  22  2:20  SCV  
  23  2:28  Refinery  
  23  2:32  SCV  
  24  2:37  Marine  
  25  2:44  SCV  
  26  2:56  Siege Tank, SCV  
  26  2:58  Marine  
  31  3:08  SCV  
  32  3:17  Bunker, Marine  
  33  3:20  SCV  
  33  3:21  Orbital Command  
  34  3:28  Siege Tank  
  34  3:32  SCV  
  38  3:40  Barracks Reactor  
  38  3:44  SCV  
  38  3:48  SCV  
  40  3:51  Command Center  
  40  3:56  Supply Depot  
  40  3:57  SCV  
  40  4:00  SCV  
  40  4:01  Siege Tank  
  45  4:09  SCV  
  46  4:13  Factory  
  46  4:17  SCV  
  46  4:18  Supply Depot  
  46  4:21  SCV  
  48  4:25  Barracks Tech Lab  
  48  4:29  SCV  
  49  4:32  Supply Depot  
  49  4:33  SCV  
  50  4:41  SCV, Armory  
  50  4:43  Supply Depot  
  50  4:45  SCV, Marauder  
  54  4:46  Hellion, Widow Mine  
  58  4:53  SCV  
  58  4:57  SCV  
  60  5:02  Refinery  
  60  5:03  Orbital Command, Refinery  
  60  5:06  SCV  
  61  5:09  Hellion, SCV, Widow Mine  
  61  5:12  Supply Depot  
  66  5:18  SCV  
  67  5:21  SCV, Orbital Command  
  67  5:22  Marauder  
  67  5:28  Thor  
  76  5:30  SCV  
  76  5:33  SCV  
  78  5:38  Hellbat x2  
  78  5:42  SCV, Terran Vehicle Weapons Level 1  
  83  5:45  SCV, Engineering Bay  
  84  5:52  Supply Depot  
  84  5:53  SCV  
  84  5:54  SCV  
  86  5:58  SCV  
  86  5:59  Marauder  
  86  6:01  Hellbat x2  
  93  6:05  SCV  
  93  6:06  SCV  
  93  6:10  Bunker, SCV  
  96  6:11  Supply Depot  
  96  6:13  Thor  
  96  6:17  Missile Turret, SCV  
  96  6:18  Missile Turret, SCV  
  103  6:21  Missile Turret  
  103  6:22  SCV  
  103  6:24  Supply Depot  
  107  6:26  Hellbat  
  107  6:29  Marauder  
  109  6:33  Hellbat, SCV x2  
  109  6:34  SCV  
  109  6:35  Supply Depot  
  114  6:45  SCV x2  
  114  6:46  SCV  
  117  6:47  Hellbat  
  117  6:48  Command Center  
  117  6:49  Refinery  
  117  6:52  Refinery  
  117  6:53  Marauder  
  121  6:57  SCV x2  
  121  6:58  SCV  
  121  7:00  Factory  
  124  7:02  Thor  
  124  7:05  Supply Depot  
  130  7:09  SCV x2  
  130  7:10  SCV  
  130  7:15  Supply Depot  
  133  7:24  Supply Depot  
  133  7:26  SCV x2  
  133  7:27  Hellbat x2, Marauder  
  141  7:36  SCV  
  142  7:37  Terran Vehicle And Ship Armor Level 1, Supply Depot  
  142  7:39  SCV x2  
  142  7:41  Armory  
  144  7:47  Thor  
  144  7:48  SCV  
  144  7:51  SCV x2  
  153  7:55  Supply Depot  
  153  7:56  Barracks Tech Lab  
  153  8:00  SCV  
  153  8:01  Hellbat x2  
  153  8:03  SCV x2  
  160  8:12  SCV  
  160  8:15  SCV x2  
  160  8:16  Marauder  
  160  8:19  Factory  
  165  8:20  Thor  
  165  8:23  Hellbat  
  165  8:24  Hellbat  
  165  8:25  SCV  
  176  8:28  Factory  
  176  8:29  Factory  
  176  8:31  SCV x2  
  176  8:32  Thor  
  184  8:36  Supply Depot x2  
  184  8:37  SCV  
  184  8:38  Terran Vehicle Weapons Level 2, Supply Depot  
  184  8:40  Infernal Pre-Igniter  
  185  8:42  Marauder  
  185  8:43  SCV, Command Center  
  185  8:45  Planetary Fortress  
  188  8:57  Hellbat x2, SCV x3  
  188  9:01  Refinery  
  195  9:06  Factory Tech Lab  
  195  9:07  Thor  
  195  9:08  Refinery  
  200  9:41  Hi-Sec Auto Tracking  
  200  10:12  Factory Tech Lab x2  
  195  10:49  Thor  
  197  11:04  Planetary Fortress  
  193  11:19  Command Center  
  193  11:22  Starport  
  192  11:26  Command Center  
Tags
 
Add a new tag
Caveats
  • Supply blocks, unpowered buildings, or Contaminate may cause inaccurate times.
  • Supply counts are checked every 10 seconds.